TOP OF THE 1ST |
Stanford University Cardinal batting - Pitching for Vanderbilt University Commodores : LHP Craig Soole
|
Pitching: LHP Craig Soole
|
|
Batting: RHB Antonio Honorato
|
0-0: Ball 1-0: Called Strike 1-1: Ball 2-1: Called Strike 2-2: Foul Ball, location: 2F 2-2: SINGLE (Groundball, 34D, EV 107.5 MPH)
|
Batting: RHB Troy Morin
|
0-0: Swinging Strike 0-1: Foul Ball, location: 2F 0-2: Ball 1-2: SINGLE (Groundball, 6D, EV 101.9 MPH) Antonio Honorato to second Runner from 2nd tries for 3rd, SAFE, no throw by CF
|
Batting: LHB Oscar Tamayo
|
0-0: Fly out, F9 (Line Drive, 9D, EV 101.9 MPH) Runner from 3rd tags up, SCORES, no throw by RF
|
Batting: RHB Jorge Lagunas
|
0-0: Called Strike 0-1: Ball Wild Pitch! Troy Morin to second 1-1: Foul Ball, location: 2F 1-2: Fly out, F9 (Flyball, 9, EV 84.4 MPH)
|
Batting: LHB Carlos Palau
|
0-0: Foul Ball, location: 2F 0-1: Ball Passed Ball! Troy Morin to third 1-1: Ball 2-1: 2-RUN HOME RUN (Flyball, 9D, EV 93.8 MPH), Distance : 342 ft
|
Batting: RHB Joselito Santos
|
0-0: Ball 1-0: Called Strike 1-1: SINGLE (Groundball, 56D, EV 105.0 MPH)
|
Batting: RHB Eddie Luna
|
0-0: Called Strike 0-1: Ball 1-1: Ball 2-1: Fly out, F9 (Flyball, 89M, EV 96.9 MPH)
|
Top of the 1st over - 3 runs, 4 hits, 0 errors, 1 left on base; Stanford University 3 - Vanderbilt University 0 |
BOTTOM OF THE 1ST |
Vanderbilt University Commodores batting - Pitching for Stanford University Cardinal : RHP Jasper Schrijver
|
Pitching: RHP Jasper Schrijver
|
|
Batting: RHB Roger Mitchell
|
0-0: Swinging Strike 0-1: Ground out 6-3 (Groundball, 6, EV 85.0 MPH)
|
Batting: RHB Austin Sweetman
|
0-0: Called Strike 0-1: SOLO HOME RUN (Flyball, 7LD, EV 97.5 MPH), Distance : 355 ft
|
Batting: LHB Jose Pereyra
|
0-0: Called Strike 0-1: SINGLE (Line Drive, 8LS, EV 88.8 MPH)
|
Batting: RHB Reomel Somera
|
0-0: Foul Ball, location: 2F 0-1: Ball 1-1: Ball 2-1: Swinging Strike 2-2: Strikes out swinging
|
Batting: LHB Jeremy Robertson
|
0-0: Ball 1-0: Ball 2-0: Ball 3-0: Called Strike 3-1: Called Strike 3-2: Strikes out swinging
|
Bottom of the 1st over - 1 run, 2 hits, 0 errors, 1 left on base; Stanford University 3 - Vanderbilt University 1 |
TOP OF THE 2ND |
Stanford University Cardinal batting - Pitching for Vanderbilt University Commodores : LHP Craig Soole
|
Batting: RHB Yok-sing Zhào
|
0-0: Ball 1-0: Called Strike 1-1: Foul Ball, location: 2F 1-2: Ball 2-2: SOLO HOME RUN (Flyball, 7D, EV 98.1 MPH), Distance : 394 ft
|
Batting: RHB Roberto Marin
|
0-0: Called Strike 0-1: Ball 1-1: Called Strike 1-2: Ball 2-2: SINGLE (Groundball, 4MD, EV 108.8 MPH)
|
Batting: RHB Antonio Honorato
|
0-0: Ball 1-0: Fly out, F7 (Line Drive, 78M, EV 110.0 MPH)
|
Batting: RHB Troy Morin
|
0-0: Called Strike 0-1: Ball 1-1: Called Strike 1-2: Ball 2-2: Foul Ball, location: 2F 2-2: Ball 3-2: Foul Ball, location: 2F 3-2: Base on Balls Roberto Marin to second
|
Batting: LHB Oscar Tamayo
|
0-0: Ball 1-0: Called Strike 1-1: Grounds into double play, 4-6-3 (Groundball, 34, EV 102.5 MPH)
|
Top of the 2nd over - 1 run, 2 hits, 0 errors, 1 left on base; Stanford University 4 - Vanderbilt University 1 |
BOTTOM OF THE 2ND |
Vanderbilt University Commodores batting - Pitching for Stanford University Cardinal : RHP Jasper Schrijver
|
Batting: LHB Carlos Martinez
|
0-0: Ball 1-0: Foul Ball, location: 2F 1-1: Ball 2-1: SINGLE (Flyball, 7LS, EV 84.4 MPH)
|
Batting: RHB Joe Simmelink
|
0-0: Ball 1-0: Ball 2-0: Ball 3-0: Called Strike 3-1: Base on Balls Carlos Martinez to second
|
Batting: RHB Bart Stevensdick
|
0-0: Fly out, F9 (Flyball, 9D, EV 90.6 MPH) Runner from 2nd tags up, SAFE at 3rd, no throw by RF
|
Batting: LHB Diego Vega
|
0-0: Swinging Strike 0-1: Fielders Choice at 2nd, 3-6 (Groundball, 3S, EV 82.5 MPH) Carlos Martinez scores
|
Batting: RHB Roger Mitchell
|
0-0: Foul Ball, location: 2F 0-1: Ball 1-1: Ball 2-1: Called Strike 2-2: Ground out 4-3 (Groundball, 4, EV 79.4 MPH)
|
Bottom of the 2nd over - 1 run, 1 hit, 0 errors, 1 left on base; Stanford University 4 - Vanderbilt University 2 |
TOP OF THE 3RD |
Stanford University Cardinal batting - Pitching for Vanderbilt University Commodores : LHP Craig Soole
|
Batting: RHB Jorge Lagunas
|
0-0: Ball 1-0: Swinging Strike 1-1: Ball 2-1: Foul Ball, location: 2F 2-2: Foul Ball, location: 2F 2-2: Foul Ball, location: 2F 2-2: Foul Ball, location: 2F 2-2: Foul Ball, location: 2F 2-2: Strikes out swinging, 2-3 out at first.
|
Batting: LHB Carlos Palau
|
0-0: Ball 1-0: SINGLE (Groundball, 6S, EV 65.6 MPH) (infield hit)
|
Batting: RHB Joselito Santos
|
0-0: Ball 1-0: Called Strike 1-1: Grounds into double play, 5-4-3 (Groundball, 56S, EV 87.5 MPH)
|
Top of the 3rd over - 0 runs, 1 hit, 0 errors, 0 left on base; Stanford University 4 - Vanderbilt University 2 |
BOTTOM OF THE 3RD |
Vanderbilt University Commodores batting - Pitching for Stanford University Cardinal : RHP Jasper Schrijver
|
Batting: RHB Austin Sweetman
|
0-0: Ball 1-0: Ground out 5-3 (Groundball, 5L, EV 105.0 MPH)
|
Batting: LHB Jose Pereyra
|
0-0: Called Strike 0-1: Ground out 5-3 (Groundball, 5, EV 90.6 MPH)
|
Batting: RHB Reomel Somera
|
0-0: Called Strike 0-1: Called Strike 0-2: Ball 1-2: SINGLE (Popup, 5D, EV 53.1 MPH)
|
Batting: LHB Jeremy Robertson
|
0-0: Foul Ball, location: 2F 0-1: Reached on error, E4 (Groundball, 4MS, EV 84.4 MPH) Reomel Somera to second
|
Batting: LHB Carlos Martinez
|
0-0: Foul Ball, location: 2F 0-1: SINGLE (Flyball, 78S, EV 98.1 MPH) Reomel Somera to third Jeremy Robertson to second
|
Batting: RHB Joe Simmelink
|
0-0: DOUBLE (Line Drive, 9LM, EV 104.4 MPH) Reomel Somera scores Jeremy Robertson scores Carlos Martinez to third Runner from 3rd tries for Home, SAFE, throw by RF to trailing runner, OUT at third! 9-3-5
|
Bottom of the 3rd over - 3 runs, 3 hits, 1 error, 0 left on base; Stanford University 4 - Vanderbilt University 5 |
TOP OF THE 4TH |
Stanford University Cardinal batting - Pitching for Vanderbilt University Commodores : LHP Craig Soole
|
Batting: RHB Eddie Luna
|
0-0: Ball 1-0: SINGLE (Groundball, 34D, EV 108.1 MPH)
|
Batting: RHB Yok-sing Zhào
|
0-0: Ball 1-0: Ball 2-0: Called Strike 2-1: Fly out, F7 (Flyball, 78M, EV 92.5 MPH)
|
Batting: RHB Roberto Marin
|
0-0: Ball 1-0: Called Strike 1-1: Grounds into double play, 6-4-3 (Groundball, 6, EV 88.8 MPH)
|
Top of the 4th over - 0 runs, 1 hit, 0 errors, 0 left on base; Stanford University 4 - Vanderbilt University 5 |
BOTTOM OF THE 4TH |
Vanderbilt University Commodores batting - Pitching for Stanford University Cardinal : RHP Jasper Schrijver
|
Batting: RHB Bart Stevensdick
|
0-0: Ball 1-0: Ground out U3 (Groundball, 34, EV 109.4 MPH)
|
Batting: LHB Diego Vega
|
0-0: Ball 1-0: Ball 2-0: Fly out, F8 (Line Drive, 8RM, EV 98.1 MPH)
|
Batting: RHB Roger Mitchell
|
0-0: Called Strike 0-1: Ball 1-1: Ball 2-1: Ball 3-1: Foul Ball, location: 2F 3-2: Foul Ball, location: 2F 3-2: Base on Balls
|
Pitching: LHP Chris Smith
|
|
Batting: RHB Austin Sweetman
|
0-0: Ground out 5-3 (Groundball, 56S, EV 90.0 MPH)
|
Bottom of the 4th over - 0 runs, 0 hits, 0 errors, 1 left on base; Stanford University 4 - Vanderbilt University 5 |
TOP OF THE 5TH |
Stanford University Cardinal batting - Pitching for Vanderbilt University Commodores : LHP Craig Soole
|
Batting: RHB Antonio Honorato
|
0-0: Foul Ball, location: 2F 0-1: Ball 1-1: Ball 2-1: Called Strike 2-2: Ball 3-2: Base on Balls
|
Batting: RHB Troy Morin
|
0-0: Sac Bunt to 15S - play at first, batter OUT! 1-3 Antonio Honorato to second
|
Batting: LHB Oscar Tamayo
|
0-0: Called Strike 0-1: Fly out, F4 (Popup, 4, EV 75.0 MPH)
|
Pitching: RHP Eric Simons
|
|
Batting: RHB Jorge Lagunas
|
0-0: Foul Ball, location: 2F 0-1: Ball 1-1: Foul Ball, location: 2F 1-2: DOUBLE (Flyball, 8RXD, EV 104.4 MPH) Antonio Honorato scores
|
Batting: LHB Carlos Palau
|
0-0: Called Strike 0-1: Foul Ball, location: 2F 0-2: Ball 1-2: Foul Ball, location: 2F 1-2: Ball 2-2: Fly out, F8 (Flyball, 8RM, EV 79.4 MPH)
|
Top of the 5th over - 1 run, 1 hit, 0 errors, 1 left on base; Stanford University 5 - Vanderbilt University 5 |
BOTTOM OF THE 5TH |
Vanderbilt University Commodores batting - Pitching for Stanford University Cardinal : LHP Chris Smith
|
Batting: LHB Jose Pereyra
|
0-0: Foul Ball, location: 2F 0-1: Ball 1-1: SOLO HOME RUN (Flyball, 78XD, EV 106.9 MPH), Distance : 412 ft
|
Batting: RHB Reomel Somera
|
0-0: Ball 1-0: Called Strike 1-1: Foul Ball, location: 2F 1-2: Ball 2-2: Foul Ball, location: 2F 2-2: Strikes out looking
|
Batting: LHB Jeremy Robertson
|
0-0: Called Strike 0-1: Foul Ball, location: 2F 0-2: SINGLE (Flyball, 9S, EV 93.8 MPH)
|
Batting: LHB Carlos Martinez
|
0-0: Ball Jeremy Robertson steals 2nd base 1-0: Ball 2-0: Ball 3-0: Called Strike 3-1: DOUBLE (Line Drive, 7D, EV 88.1 MPH) Jeremy Robertson scores
|
Batting: RHB Joe Simmelink
|
0-0: Called Strike 0-1: Swinging Strike 0-2: Strikes out swinging
|
Batting: RHB Bart Stevensdick
|
0-0: Ground out 4-3 (Groundball, 4MS, EV 90.0 MPH)
|
Bottom of the 5th over - 2 runs, 3 hits, 0 errors, 1 left on base; Stanford University 5 - Vanderbilt University 7 |
TOP OF THE 6TH |
Stanford University Cardinal batting - Pitching for Vanderbilt University Commodores : RHP Eric Simons
|
Batting: RHB Joselito Santos
|
0-0: Called Strike 0-1: Ball 1-1: Ground out 3-1 (Groundball, 34, EV 86.9 MPH)
|
Batting: RHB Eddie Luna
|
0-0: Swinging Strike 0-1: Ball 1-1: Foul Ball, location: 2F 1-2: TRIPLE (Line Drive, 9LD, EV 103.8 MPH)
|
Pinch Hitting: RHB Amare Brown
|
0-0: Ball 1-0: SINGLE (Groundball, P, EV 87.5 MPH) (infield hit) Eddie Luna scores
|
Batting: RHB Alejandro Gomez
|
0-0: Called Strike 0-1: Ball 1-1: Ball 2-1: Foul Ball, location: 2F 2-2: Strikes out swinging
|
Pitching: LHP Antonio Sandoval
|
|
Batting: RHB Antonio Honorato
|
0-0: Called Strike 0-1: Ball 1-1: Ball 2-1: Foul Ball, location: 2F 2-2: Foul Ball, location: 2F 2-2: Ground out 1-3 (Groundball, 34S, EV 69.4 MPH)
|
Top of the 6th over - 1 run, 2 hits, 0 errors, 1 left on base; Stanford University 6 - Vanderbilt University 7 |
BOTTOM OF THE 6TH |
Vanderbilt University Commodores batting - Pitching for Stanford University Cardinal : LHP Chris Smith
|
Now in CF: Tim Dower
|
|
Batting: LHB Diego Vega
|
0-0: Fly out, F2 (Popup, 2RF, EV 87.5 MPH)
|
Batting: RHB Roger Mitchell
|
0-0: Swinging Strike 0-1: Ball 1-1: Foul Ball, location: 2F 1-2: SINGLE (Groundball, 4S, EV 63.8 MPH) (infield hit)
|
Batting: RHB Austin Sweetman
|
0-0: Ball Roger Mitchell steals 2nd, throwing error, E2 Roger Mitchell to third 1-0: Intentional Walk
|
Batting: LHB Jose Pereyra
|
0-0: Swinging Strike 0-1: Ball 1-1: Foul Ball, location: 2F 1-2: Fly out, F4 (Flyball, 34D, EV 78.8 MPH)
|
Pitching: RHP Jonathon Gehl
|
|
Batting: RHB Reomel Somera
|
0-0: Ground out 4-3 (Groundball, 34, EV 96.9 MPH)
|
Bottom of the 6th over - 0 runs, 1 hit, 1 error, 2 left on base; Stanford University 6 - Vanderbilt University 7 |
TOP OF THE 7TH |
Stanford University Cardinal batting - Pitching for Vanderbilt University Commodores : LHP Antonio Sandoval
|
Pitching: RHP Luis Pantoja
|
|
Batting: RHB Troy Morin
|
0-0: Ball 1-0: SINGLE (Line Drive, 34D, EV 105.6 MPH)
|
Batting: LHB Oscar Tamayo
|
0-0: Called Strike 0-1: Ball 1-1: Foul Ball, location: 2F 1-2: Strikes out swinging
|
Batting: RHB Jorge Lagunas
|
0-0: Called Strike 0-1: Ball 1-1: Ball Troy Morin is caught stealing 2nd base 2-4 2-1: Fly out, F8 (Line Drive, 8LM, EV 88.1 MPH)
|
Top of the 7th over - 0 runs, 1 hit, 0 errors, 0 left on base; Stanford University 6 - Vanderbilt University 7 |
BOTTOM OF THE 7TH |
Vanderbilt University Commodores batting - Pitching for Stanford University Cardinal : RHP Jonathon Gehl
|
Batting: LHB Jeremy Robertson
|
0-0: Called Strike 0-1: Ball 1-1: Foul Ball, location: 2F 1-2: Ball 2-2: Foul Ball, location: 2F 2-2: Ball 3-2: Base on Balls
|
Batting: LHB Carlos Martinez
|
0-0: Swinging Strike 0-1: Ball 1-1: Foul Ball, location: 2F 1-2: Grounds into double play, 6-4-3 (Groundball, 6, EV 107.5 MPH)
|
Batting: RHB Joe Simmelink
|
0-0: Foul Ball, location: 2F 0-1: Foul Ball, location: 2F 0-2: Strikes out looking
|
Bottom of the 7th over - 0 runs, 0 hits, 0 errors, 0 left on base; Stanford University 6 - Vanderbilt University 7 |
TOP OF THE 8TH |
Stanford University Cardinal batting - Pitching for Vanderbilt University Commodores : RHP Luis Pantoja
|
Batting: LHB Carlos Palau
|
0-0: Called Strike 0-1: Called Strike 0-2: Foul Ball, location: 2F 0-2: Ball 1-2: Ball 2-2: Fly out, F8 (Flyball, 78S, EV 86.9 MPH)
|
Batting: RHB Joselito Santos
|
0-0: Called Strike 0-1: Foul Ball, location: 2F 0-2: Fly out, F9 (Flyball, 9S, EV 75.6 MPH)
|
Batting: RHB Eddie Luna
|
0-0: Called Strike 0-1: Swinging Strike 0-2: Strikes out swinging
|
Top of the 8th over - 0 runs, 0 hits, 0 errors, 0 left on base; Stanford University 6 - Vanderbilt University 7 |
BOTTOM OF THE 8TH |
Vanderbilt University Commodores batting - Pitching for Stanford University Cardinal : RHP Jonathon Gehl
|
Batting: RHB Bart Stevensdick
|
0-0: Ball 1-0: Swinging Strike 1-1: Swinging Strike 1-2: Ball 2-2: Fly out, F4 (Flyball, 34D, EV 85.6 MPH)
|
Batting: LHB Diego Vega
|
0-0: Ball 1-0: Called Strike 1-1: Ball 2-1: Ground out 3-1 (Groundball, 13, EV 85.0 MPH)
|
Batting: RHB Roger Mitchell
|
0-0: Ball 1-0: Ground out 4-3 (Groundball, 34, EV 86.9 MPH)
|
Bottom of the 8th over - 0 runs, 0 hits, 0 errors, 0 left on base; Stanford University 6 - Vanderbilt University 7 |
TOP OF THE 9TH |
Stanford University Cardinal batting - Pitching for Vanderbilt University Commodores : RHP Luis Pantoja
|
Pitching: RHP Jason McCaw
|
|
Now at C: Diego Vega
|
|
Now in RF: Seth Fox
|
|
Pinch Hitting: SHB Rich Hood
|
0-0: Called Strike 0-1: Called Strike 0-2: Ball 1-2: Ball 2-2: SINGLE (Line Drive, 7S, EV 101.9 MPH)
|
Batting: RHB Alejandro Gomez
|
0-0: Swinging Strike Passed Ball! Rich Hood to second 0-1: Fly out, F4 (Flyball, 4D, EV 76.2 MPH)
|
Batting: RHB Antonio Honorato
|
0-0: Ball 1-0: Foul Ball, location: 2F 1-1: Fly out, F8 (Line Drive, 8RD, EV 85.0 MPH)
|
Batting: RHB Troy Morin
|
0-0: Ball 1-0: Ball 2-0: Foul Ball, location: 2F 2-1: Ball 3-1: Foul Ball, location: 2F 3-2: Base on Balls
|
Batting: LHB Oscar Tamayo
|
0-0: Foul Ball, location: 2F 0-1: Ball 1-1: SINGLE (Groundball, 56D, EV 98.1 MPH) Rich Hood to third Troy Morin to second Runner from 3rd tries for Home, throw by LF and OUT! 7-2
|
Top of the 9th over - 0 runs, 2 hits, 0 errors, 2 left on base; Stanford University 6 - Vanderbilt University 7 |
|